Map: Dusk Towers

Players

FigHteR - Winner!

  • Race: Terran Terran
  • League: Platinum

vivi

  • Race: Zerg Zerg
  • League: Platinum

VOD

Have the link to the VOD?

Description

Time

  • Played on: Nov. 15, 2015, 4:34 a.m.
  • Length: 20:43
Show
View Real Time Build Order
Export as new Build Order

FigHteR Terran - Winner!

Build Orders: Hellion Opening, MMM Bio 

Get SALT Encoding   

  12  0:00  SCV  
  13  0:13  SCV  
  14  0:17  Supply Depot  
  14  0:25  SCV  
  14  0:27  Refinery  
  15  0:39  SCV  
  16  0:45  Barracks  
  16  0:51  SCV  
  17  1:03  SCV  
  18  1:15  SCV  
  19  1:32  Orbital Command  
  19  1:34  Factory  
  19  1:43  Supply Depot  
  19  1:48  Barracks Reactor  
  19  1:58  SCV  
  20  2:12  SCV  
  21  2:19  Command Center  
  21  2:24  SCV  
  21  2:28  Hellion  
  21  2:29  Hellion  
  26  2:34  Supply Depot  
  26  2:36  SCV  
  27  2:39  Barracks Tech Lab  
  27  2:49  SCV  
  27  2:50  Hellion  
  30  2:56  Hellion  
  32  3:00  Stimpack  
  32  3:01  Marine  
  32  3:03  SCV  
  36  3:12  Hellion  
  36  3:15  SCV  
  37  3:27  SCV  
  37  3:29  Marine  
  37  3:32  Supply Depot  
  39  3:39  SCV  
  39  3:40  Hellion x2  
  39  3:55  SCV  
  39  4:00  Orbital Command  
  39  4:01  Hellion x2  
  41  4:08  SCV  
  42  4:14  Marine  
  41  4:19  Barracks  
  41  4:23  Hellion x2  
  45  4:27  SCV  
  45  4:28  SCV  
  47  4:46  Command Center, Hellion x2  
  47  4:47  SCV x2  
  47  4:51  Marine  
  54  4:59  SCV, Starport  
  55  5:04  SCV  
  56  5:09  Engineering Bay  
  56  5:10  Refinery  
  56  5:22  SCV x2  
  56  5:25  Armory  
  46  5:35  Marine  
  42  5:36  Starport Reactor  
  42  5:38  Factory Tech Lab, Barracks, SCV x2  
  42  5:42  Refinery x2, Barracks  
  45  5:44  Terran Infantry Weapons Level 1  
  45  5:50  SCV x2, Marine x2  
  45  5:53  Marine  
  50  5:58  Siege Tank  
  50  6:02  SCV x2  
  55  6:08  Marine  
  56  6:14  SCV x2  
  56  6:17  Medivac  
  60  6:20  Combat Shields  
  60  6:22  Marine x2  
  62  6:26  SCV x2  
  62  6:28  Orbital Command  
  62  6:30  Widow Mine  
  66  6:39  Marine x2  
  62  6:42  Marine x2  
  62  6:44  SCV x2  
  67  6:53  Medivac x2  
  71  6:56  SCV x2  
  71  6:57  Barracks Tech Lab  
  71  6:58  Barracks Tech Lab, Widow Mine  
  74  7:03  Supply Depot x2  
  74  7:07  SCV  
  74  7:08  SCV  
  76  7:09  Terran Vehicle Weapons Level 1  
  76  7:10  Marine  
  76  7:12  Refinery  
  76  7:14  Refinery  
  77  7:24  SCV, Marauder x2, Marine  
  77  7:25  SCV x2, Marauder  
  77  7:26  Supply Depot x2, Medivac  
  77  7:28  Marine  
  90  7:30  Concussive Shells  
  90  7:36  SCV  
  91  7:37  SCV x2  
  91  7:42  Missile Turret  
  93  7:44  Missile Turret  
  93  7:48  SCV, Marauder  
  93  7:49  SCV x2  
  93  7:50  Supply Depot  
  98  7:51  Supply Depot  
  98  7:55  Command Center, Marine  
  98  7:56  Marine  
  100  8:04  SCV x2, Marine x2  
  100  8:05  Terran Infantry Weapons Level 2  
  104  8:09  Siege Tank  
  104  8:10  Medivac  
  104  8:11  SCV  
  110  8:13  Marine  
  110  8:14  Marine x2  
  113  8:23  Marine  
  113  8:24  Marauder  
  116  8:28  Supply Depot x2  
  116  8:29  Medivac  
  116  8:33  Marine x3  
  121  8:40  SCV, Medivac  
  121  8:41  SCV, Siege Tank  
  125  8:44  Marine  
  125  8:45  Marine  
  125  9:08  SCV x2  
  125  9:21  Marauder x2, Marine x2  
  127  9:41  Siege Tank  
  130  9:50  Command Center, Marauder x2, Marine x3  
  137  9:52  Supply Depot  
  137  9:53  Supply Depot  
  137  9:55  Medivac x2  
  141  10:00  Barracks  
  141  10:01  Barracks  
  141  10:03  Factory  
  141  10:08  Marine  
  141  10:09  Marauder  
  141  10:11  SCV  
  141  10:12  SCV, Marauder x2  
  141  10:13  Siege Tank  
  153  10:28  Marine x2  
  128  10:30  Marauder  
  128  10:34  Marauder x2  
  136  10:43  Terran Infantry Weapons Level 3  
  136  10:45  Siege Tank, Engineering Bay  
  139  10:50  Marine x3  
  139  10:51  Marauder  
  139  10:54  Marine  
  139  10:55  Marauder x2  
  149  10:59  Factory Tech Lab  
  149  11:08  Marine x2  
  143  11:13  Marauder  
  143  11:17  Siege Tank, Marauder x2  
  151  11:19  Siege Tank  
  151  11:21  Barracks Tech Lab x2  
  149  11:25  Marine  
  149  11:28  Marine  
  151  11:34  Marauder  
  151  11:38  Marauder x2  
  151  11:39  Marauder x2  
  158  11:43  Marine  
  158  11:44  Medivac x2  
  158  11:46  Marine  
  158  11:49  Siege Tank  
  158  11:54  Siege Tank  
  149  11:56  Marauder  
  149  11:59  Terran Infantry Armor Level 1, Marauder  
  149  12:00  Marine x2, Marauder  
  153  12:01  Marine  
  153  12:04  Marine  
  143  12:17  Marauder  
  143  12:19  Marine, Marauder x2  
  143  12:21  Marauder  
  155  12:25  Marauder  
  155  12:29  Mag-Field Accelerator  
  160  12:30  Orbital Command  
  160  12:34  Refinery  
  160  12:36  Refinery, Marine  
  160  12:37  Factory x2, Marine  
  161  12:38  Marauder  
  161  12:40  Marauder x2  
  161  12:42  Cyclone x2, Marauder  
  170  12:47  Marauder  
  172  12:53  Terran Vehicle Weapons Level 2  
  172  12:55  Marine x2  
  174  13:00  Refinery, Marauder  
  174  13:01  Marauder x2  
  174  13:04  Missile Turret x2  
  174  13:05  Refinery, Missile Turret  
  180  13:06  Missile Turret  
  180  13:07  Missile Turret  
  177  13:14  Cyclone x2  
  141  13:24  Marine, Liberator  
  141  13:25  Marine x6, Liberator  
  137  13:28  Factory Tech Lab x2  
  131  13:42  Marine x2  
  131  13:43  Marine x3  
  131  13:46  Cyclone x2  
  131  13:48  Marauder x2  
  152  13:51  Cyclone x2  
  158  13:56  Planetary Fortress  
  158  14:00  Marine  
  158  14:01  Marauder  
  143  14:11  Marauder x2, Reaper, Marine x2  
  138  14:18  Cyclone x2, Marine  
  138  14:20  Terran Infantry Armor Level 2  
  138  14:22  Marauder  
  138  14:24  Cyclone  
  153  14:29  Marine x2  
  131  14:33  Marauder  
  131  14:34  Marine  
  131  14:36  Marine  
  127  14:44  Marauder  
  127  14:45  Marine  
  121  14:46  Medivac  
  121  14:47  Marauder, Marine, Medivac  
  121  14:50  Cyclone x2  
  134  14:53  Marauder  
  134  14:54  Marauder, Marine  
  134  14:57  SCV  
  140  15:02  SCV, Marine  
  140  15:03  SCV  
  140  15:05  Marauder x2  
  140  15:06  Cyclone  
  150  15:08  Marauder  
  152  15:14  Marauder  
  152  15:16  SCV x3  
  152  15:17  SCV  
  158  15:23  Marauder, Marine x2  
  158  15:24  Medivac  
  158  15:26  Marauder  
  162  15:33  Liberator  
  151  15:37  Liberator  
  151  15:41  Marine x2  
  151  15:42  Marauder  
  129  15:52  Cyclone x3  
  135  15:59  Marine  
  135  16:00  Marine x3  
  129  16:07  Marine x3  
  132  16:17  Marine x2  
  132  16:18  Marauder x2  
  138  16:24  Cyclone x2  
  138  16:25  Command Center, Cyclone  
  147  16:26  Terran Vehicle Weapons Level 3  
  147  16:31  Marine x3  
  150  16:33  Medivac  
  150  16:35  Marine  
  150  16:37  Medivac  
  150  16:39  Marauder  
  148  16:51  Terran Infantry Armor Level 3, Marine x2  
  148  16:52  Marauder x2, Marine  
  148  16:53  Marine  
  156  16:56  Cyclone x2  
  156  16:57  Cyclone  
  156  17:00  Marine  
  146  17:09  Marine x2  
  142  17:20  Marine x3  
  142  17:21  Marauder x2  
  137  17:24  Medivac x2  
  137  17:28  Cyclone, Widow Mine  
  137  17:29  Cyclone  
  140  17:33  Marine  
  140  17:34  Marine  
  141  17:38  Marine  
  141  17:39  Marauder x2  
  146  17:50  Marauder x2  
  150  17:51  Marine  
  150  17:54  Medivac x2  
  150  17:57  Widow Mine  
  157  18:01  Cyclone, Marine x2  
  157  18:02  Marauder, Marine  
  155  18:11  Marine x3  
  143  18:16  Planetary Fortress  
  144  18:20  Marauder  
  137  18:32  Cyclone x2  
  137  18:33  Cyclone, Marauder, Marine x3  
  137  18:34  Marauder  
  145  18:40  Marine  
  145  18:41  Marine  
  127  18:42  Liberator  
  127  18:43  Liberator  
  122  18:50  SCV x4, Marine  
  122  18:51  Marauder  
  122  18:54  Marine x2  
  122  18:55  Marauder  
  137  19:04  Cyclone x2  
  137  19:05  Cyclone  
  146  19:10  Marauder x2, Marine  
  146  19:12  Marine  
  146  19:13  Hi-Sec Auto Tracking, Marauder  
  154  19:19  Marauder x2  
  154  19:20  Command Center  
  158  19:28  Marine  
  158  19:30  Marine  
  160  19:31  Marauder x2  
  160  19:34  Marauder  
  160  19:36  Cyclone  
  169  19:40  Marauder x2  
  173  19:45  Marine  
  173  19:47  Marine  
  173  19:52  Marine x2  
  176  19:54  Refinery  
  176  19:55  Marine  
  176  19:58  Refinery  
  165  20:01  Marine x2  
  165  20:04  Marine  
  165  20:05  Marine  
  163  20:10  Marine x2  
  163  20:13  Marine  
  166  20:19  Marine x2  
  159  20:21  Marine  
  159  20:24  Marine  
Show
View Real Time Build Order
Export as new Build Order

vivi Zerg 

Build Orders: Hatch First 

Get SALT Encoding   

  12  0:01  Drone  
  13  0:12  Overlord  
  13  0:22  Drone  
  14  0:30  Drone  
  14  0:31  Drone  
  14  0:34  Drone  
  17  0:53  Hatchery  
  17  0:56  Drone  
  17  0:59  Drone  
  18  1:11  Extractor  
  17  1:15  Spawning Pool  
  16  1:20  Drone x2  
  18  1:28  Drone  
  19  1:39  Overlord  
  19  1:49  Drone  
  20  2:01  Queen  
  20  2:03  Drone  
  20  2:05  Queen  
  20  2:06  Zergling x2  
  26  2:12  Zergling x2  
  27  2:17  Drone  
  27  2:18  Metabolic Boost  
  28  2:33  Drone x3  
  31  2:37  Overlord  
  31  2:47  Drone  
  32  3:02  Drone  
  32  3:03  Drone x2  
  35  3:14  Drone x8  
  43  3:25  Hatchery, Zergling x4  
  42  3:31  Zergling x2  
  43  3:35  Extractor  
  41  3:44  Zergling x8  
  39  4:01  Drone x2  
  41  4:06  Overlord  
  42  4:17  Zergling x4  
  43  4:31  Overlord  
  42  4:32  Drone x9  
  50  4:41  Lair  
  50  4:45  Evolution Chamber x2, Zergling x6  
  49  4:51  Queen  
  51  4:59  Zergling x2  
  50  5:00  Zergling x18  
  57  5:15  Spine Crawler  
  57  5:20  Zerg Ground Armor Level 1, Zerg Melee Weapons Level 1  
  52  5:45  Drone x5  
  52  5:46  Infestation Pit  
  52  5:48  Drone  
  52  5:49  Drone x7  
  64  6:02  Drone x2  
  64  6:04  Overlord x2  
  66  6:10  Hatchery  
  65  6:15  Overlord x2  
  65  6:16  Drone  
  66  6:25  Hive  
  60  6:44  Drone  
  60  6:45  Drone x14  
  72  6:57  Extractor  
  72  6:59  Drone  
  72  7:00  Drone x2  
  75  7:01  Zergling x16  
  82  7:15  Zerg Ground Armor Level 2, Spine Crawler  
  82  7:17  Zerg Melee Weapons Level 2  
  82  7:19  Overlord x2  
  81  7:36  Baneling Nest, Overlord  
  80  7:41  Queen  
  80  7:43  Spine Crawler  
  81  7:44  Spine Crawler  
  81  7:48  Adrenal Glands  
  81  7:50  Zergling x30  
  81  7:51  Ultralisk Cavern  
  94  8:10  Drone x7  
  94  8:12  Extractor  
  87  8:26  Drone x3  
  90  8:29  Spine Crawler  
  90  8:33  Spine Crawler  
  89  8:34  Spore Crawler, Zergling x16  
  95  9:01  Chitinous Plating  
  95  9:03  Ultralisk x2  
  107  9:12  Zergling x14  
  107  9:13  Zergling x12  
  113  9:45  Baneling  
  113  9:47  Drone x6  
  113  9:48  Overlord x5, Extractor  
  118  9:53  Zerg Ground Armor Level 3, Zerg Melee Weapons Level 3  
  118  9:57  Spine Crawler x2  
  118  9:59  Spine Crawler  
  115  10:03  Zergling x8  
  115  10:05  Overlord x6  
  119  10:17  Zergling x2  
  119  10:18  Zergling x16  
  126  10:26  Spire  
  115  10:32  Overlord x3  
  114  10:37  Zergling x20  
  124  10:49  Drone  
  124  10:50  Drone x5  
  124  10:54  Overseer  
  114  10:58  Zergling x2  
  114  10:59  Zergling x2  
  102  11:16  Ultralisk x3  
  102  11:18  Zergling x30  
  124  11:26  Zergling x2  
  124  11:27  Zergling x4  
  125  11:42  Mutalisk  
  125  11:43  Mutalisk x3  
  125  11:48  Zergling x2  
  125  11:49  Zergling x6  
  111  12:02  Zergling x24  
  111  12:03  Zergling x6  
  123  12:17  Zergling x12  
  124  12:32  Mutalisk x7  
  138  12:37  Zergling x2  
  138  12:42  Overseer  
  138  12:43  Overseer  
  139  12:45  Overseer  
  139  12:47  Zergling x2  
  139  12:48  Zergling x4  
  142  13:02  Zergling x18  
  151  13:07  Zergling x8  
  125  13:26  Zergling x20  
  133  13:45  Overlord x4  
  132  14:02  Overlord x2  
  125  14:03  Overlord x7  
  107  14:20  Mutalisk  
  107  14:21  Mutalisk x6  
  113  14:27  Queen  
  105  14:37  Ultralisk  
  105  14:38  Ultralisk x3  
  115  14:49  Zergling x2  
  115  14:50  Zergling x10  
  127  14:52  Ultralisk  
  127  14:54  Zergling x2  
  128  15:14  Zergling x10  
  128  15:15  Zergling x14  
  140  15:23  Ultralisk, Hatchery  
  91  15:52  Zergling x16  
  91  15:53  Zergling x12  
  90  16:11  Ultralisk x3  
  108  16:12  Zergling x2  
  108  16:13  Zergling x6  
  112  16:19  Overseer  
  106  16:43  Mutalisk x3  
  106  16:46  Zergling x40  
  105  17:17  Zergling x16  
  105  17:18  Zergling x10  
  84  17:33  Zergling x22  
  89  17:41  Extractor  
  87  17:46  Overseer  
  87  17:47  Mutalisk x2  
  87  17:50  Zergling x4  
  87  17:51  Zergling x2  
  85  18:06  Mutalisk x2  
  86  18:15  Drone  
  86  18:16  Drone x17  
  100  18:38  Zergling x22  
  95  18:58  Mutalisk x2  
  99  19:25  Ultralisk  
  99  19:26  Zergling x28  
  99  19:30  Hatchery  
  118  19:32  Zergling x2  
  119  19:46  Zergling x2  
  119  19:47  Zergling x24  
  94  20:08  Mutalisk  
  94  20:11  Zergling x12  
  94  20:12  Zergling x20  
Tags
 
Add a new tag
Caveats
  • Supply blocks, unpowered buildings, or Contaminate may cause inaccurate times.
  • Supply counts are checked every 10 seconds.